 Dungeon Crawl Stone Soup version 0.30.0-29-ga12c61a403 (webtiles) character file.

Game seed: 5860345246683611321

27448 monsoonserge the Thaumaturge (level 13, 0/94 HPs)
             Began as a Djinni Venom Mage on June 13, 2023.
             Was an Elder of Ashenzari.
             Slain by an ettin
             ... wielding a +1 great mace of protection
              (23 damage)
             ... on level 1 of the Orcish Mines on June 14, 2023.
             The game lasted 01:57:11 (19453 turns).

monsoonserge the Thaumaturge (Djinni Venom Mage)   Turns: 19453, Time: 01:57:13

Health: 0/94       AC: 18    Str:  7    XL:     13   Next: 65%
Gold:   1150       EV: 11    Int: 21    God:    Ashenzari [****..] SH:  7 Dex: 21

rFire   + + +        a - +1 short sword (flame)
rCold   x . .        T - +0 buckler of the Esoteric Regret {Melee, Fort} (curse)
rNeg    . . .        w - +2 chain mail {rF+}
rPois   ∞            M - +1 hat {Stlth+}
rElec   .            V - +1 cloak "Ensconced Pragmatism" {Melee, Evo} (curse)
rCorr   .            U - +0 pair of gloves "Pangnostic Seer" {Range, Evo} (curse)
SInv    +            (boots unavailable)
Will    +....        h - amulet "Chained With Me" {Acrobat, Fort, Melee} (curse)
Stlth   ++           f - ring "I Knew You'd Do That" {EV+5, Self, Fort} (curse)
HPRegen 0.35/turn    L - ring of Ashenzari's Prison {Dex+6, Fort, Melee} (curse)
MPRegen 0.00/turn

%: acrobat, clarity, infuse magic (-1 HP)
@: flying, studying 2 skills
A: sickness immunity, fire resistance 2, cold vulnerability 1, float, innate
caster, HP casting, extra vitality 1
a: Renounce Religion, Shatter the Chains


You were on level 1 of the Orcish Mines.
You worshipped Ashenzari.
Ashenzari was greatly pleased with you.
You visited 4 branches of the dungeon, and saw 17 of its levels.
You also visited: Ossuary and Bailey.

You collected 1194 gold pieces.
You spent 44 gold pieces at shops.

Inventory:

Hand Weapons
 a - a +1 short sword of flaming (weapon)
 b - a +2 long sword of protection
 e - a +1 rapier of holy wrath
 v - a +2 dagger of speed
 Y - a +0 sling
Missiles
 F - 3 throwing nets
 O - 8 boomerangs (quivered)
 P - 18 poisoned darts
Armour
 w - a +2 chain mail of fire resistance (worn)
 M - a +1 hat of stealth (worn)
 T - the cursed +0 buckler of the Esoteric Regret (worn) {Melee, Fort}
   (You took it off a gnoll sergeant on level 9 of the Dungeon)

   It has a curse which improves the following skills: Melee Combat: Short
   Blades, Long Blades, Axes, Maces & Flails, Polearms, Staves and Unarmed
   Combat.
   Fortitude: Armour and Shields.
 U - the cursed +0 pair of gloves "Pangnostic Seer" (worn) {Range, Evo}
   (You found it in a bailey)

   It has a curse which improves the following skills: Ranged Combat: Ranged
   Weapons and Throwing.
   Evocations: Evocations.
 V - the cursed +1 cloak "Ensconced Pragmatism" (worn) {Melee, Evo}
   (You took it off Maurice on level 9 of the Dungeon)

   It has a curse which improves the following skills: Melee Combat: Short
   Blades, Long Blades, Axes, Maces & Flails, Polearms, Staves and Unarmed
   Combat.
   Evocations: Evocations.
Magical Staves
 Z - a staff of conjuration
Jewellery
 f - the cursed ring "I Knew You'd Do That" (left hand) {EV+5, Self, Fort}
   (You found it on level 1 of the Dungeon)

   [ring of evasion]

   EV:        It affects your evasion (+5).
   It has a curse which improves the following skills: Introspection: Fighting
   and Spellcasting.
   Fortitude: Armour and Shields.
 h - the cursed amulet "Chained With Me" (around neck) {Acrobat, Fort, Melee}
   (You found it on level 1 of the Dungeon)

   [amulet of the acrobat]

   It increases your evasion while moving and waiting.
   It has a curse which improves the following skills: Fortitude: Armour and
   Shields.
   Melee Combat: Short Blades, Long Blades, Axes, Maces & Flails, Polearms,
   Staves and Unarmed Combat.
 L - the cursed ring of Ashenzari's Prison (right hand) {Dex+6, Fort, Melee}
   (You found it on level 6 of the Dungeon)

   [ring of dexterity]

   Dex:       It affects your dexterity (+6).
   It has a curse which improves the following skills: Fortitude: Armour and
   Shields.
   Melee Combat: Short Blades, Long Blades, Axes, Maces & Flails, Polearms,
   Staves and Unarmed Combat.
 N - a ring of resist corrosion
 S - a ring of wizardry
Wands
 k - a wand of flame (42)
 o - a wand of mindburst (15)
 p - a wand of paralysis (19)
 B - a wand of polymorph (11)
 I - a wand of iceblast (28)
 R - a wand of quicksilver (7)
Scrolls
 i - a scroll of fog
 l - 9 scrolls of teleportation
 n - 4 scrolls of enchant armour
 q - 2 scrolls of torment
 s - a scroll of vulnerability
 u - 2 scrolls of butterflies
 y - 3 scrolls of fear
 C - 3 scrolls of immolation
 D - a scroll of silence
 E - 2 scrolls of blinking
 H - 3 scrolls of poison
 Q - 2 scrolls of magic mapping
 W - 2 scrolls of brand weapon
Potions
 c - 4 potions of lignification
 d - 2 potions of resistance
 g - 4 potions of attraction
 j - 3 potions of heal wounds
 r - 2 potions of mutation
 t - 6 potions of curing
 G - 3 potions of brilliance
 J - 2 potions of might
 K - 3 potions of invisibility
 X - 4 potions of haste
Miscellaneous
 x - a tin of tremorstones (2/2)
 z - a phantom mirror


   Skills:
 * Level 7.0(8.9) Fighting
 + Level 4.5(8.5) Short Blades
 + Level 2.1(5.2) Maces & Flails
 + Level 0.8(1.8) Throwing
 * Level 5.7(9.9) Armour
 + Level 6.0 Dodging
 + Level 5.1 Stealth
 * Level 3.8(7.6) Shields
 * Level 13.6(15.3) Spellcasting
 + Level 4.1(6.6) Evocations


You knew the following spells:

 Your Spells              Type           Power      Damage    Failure   Level
a - Sting                 Tmut/Pois      100%       1d8       1%          1
b - Poisonous Vapours     Pois/Air       100%       N/A       1%          2
c - Mephitic Cloud        Conj/Pois/Air  69%        N/A       1%          3
d - Olgreb's Toxic Radia  Pois           69%        N/A       5%          4
e - Kiss of Death         Conj/Necr      100%       2d13      1%          1
f - Static Discharge      Conj/Air       100%       2-7/arc   1%          2
g - Confusing Touch       Hex            69%        N/A       1%          3
h - Ozocubu's Armour      Ice            69%        N/A       1%          3
i - Summon Forest         Summ/Tloc      34%        N/A       14%         5
j - Alistair's Intoxicat  Tmut/Pois      46%        N/A       14%         5
Your spell library was empty.

Dungeon Overview and Level Annotations

Branches:
Dungeon (11/15)            Temple (1/1) D:6            Lair (3/5) D:8
  Swamp (0/4) Lair:2          Orc (2/2) D:9         Ossuary (visited)
 Bailey (visited)
  Snake: Lair:2-3    Spider: Lair:2-3       Elf: Orc:2

Altars:
Ashenzari
Cheibriados
Dithmenos
Elyvilon
Fedhas
Gozag
Hepliaklqana
Makhleb
Nemelex Xobeh
Okawaru
Qazlal
Ru
Trog
Uskayaw
Wu Jian
Xom
Yredelemnul
Zin
The Shining One

Shops:
D:4 ?   D:8 (   Orc:1 [

Annotations:
Lair:3 Fannar


Innate Abilities, Weirdness & Mutations

You are immune to sickness and miasma.
You are immune to poison.
Your flesh is very heat resistant. (rF++)
You are vulnerable to cold. (rC-)
You float through the air rather than walking.
You learn spells naturally, not from books.
Your magical power is your life essence.
You have superior vitality. (+4 MHP)


Message History

You impale the troll!! You burn the troll!
You kill the troll!
You start resting.
Space becomes stable.
You start resting.
HP restored.
You fly upwards.
The orc wizard points at you and mumbles some strange words.
The magic dart hits you.
The ettin hits you with a +1 great mace of protection!!
The ettin hits you but does no damage.
The ettin hits you with a +1 great mace of protection!
The ettin hits you with a +1 dire flail of protection.
There is a stone staircase leading down here.
Okay, then.
Okay, then.
Okay, then.
Aiming: Polymorph
Press: ? - help, Shift-Dir - straight line, f - ettin
Aim: an ettin, wielding a +1 great mace of protection and a +1 dire flail of protection (will become an ice dragon, a spark wasp, or a broodmother, chance to affect: 48%)
Okay, then.
Aiming: Paralyse
Press: ? - help, Shift-Dir - straight line, f - ettin
Aim: an ettin, wielding a +1 great mace of protection and a +1 dire flail of protection (chance to affect: 48%)
Okay, then.
Aiming: Paralyse
Press: ? - help, Shift-Dir - straight line, f - ettin
Aim: an ettin, wielding a +1 great mace of protection and a +1 dire flail of protection (chance to affect: 48%)
The ettin resists with some effort.
An orc priest comes into view. It is wielding a +0 club.
The ettin hits you with a +1 great mace of protection.
The ettin hits you with a +1 dire flail of protection!
* * * LOW HITPOINT WARNING * * *
Aiming: Paralyse
Press: ? - help, Shift-Dir - straight line, f/p - ettin
Aim: an ettin, wielding a +1 great mace of protection and a +1 dire flail of protection (chance to affect: 48%)
The ettin resists with some effort.
An orc comes into view. It is wielding a +0 flail.
The ettin hits you with a +1 great mace of protection!!
You die...

*,*, , , , ** , , ,
.##.......# *** *, ,
o.#. .....###*# *
,,............#..,,*
* .....#.$...... , *
,....o.......# ,, ,
...........## * ** *
, .......C....#.# *
* , #...@....... ,
** ,
,..$.........#.# ,*
* *
,,.o...........#***
* ,*..............#
, ,* #.....#.#.....#
, ** **
#....##.#......*
*...## ...#.##..*
#.. #.#,..*.., ** *
* *


You could see an ettin, an orc priest, an orc wizard and an orc (wandering).

Vanquished Creatures
  Snorg (D:9)
  An ettin (Orc:1)
  A boulder beetle (D:11)
  2 two-headed ogres
  3 skysharks
  A manticore (D:11)
  A cyclops (D:11)
  A rime drake (Lair:3)
  2 kobold demonologists (Bailey)
  An unseen horror (D:11)
  3 trolls
  Prince Ribbit (D:7)
  3 hornets
  5 blink frogs (Lair:3)
  A slime creature (D:7)
  14 yaks
  6 wyverns
  2 wraiths
  A basilisk (Lair:2)
  A steam dragon (D:7)
  Grum (D:8)
  5 water moccasins
  Duvessa (D:6)
  2 ice beasts
  20 orc warriors
  A sky beast (D:7)
  10 wolves
  4 black bears
  3 centaurs
  A lemure (D:7)
  4 phantoms
  An elf zombie (Ossuary)
  3 kobold brigands
  A gnoll sergeant (D:9)
  A bullfrog (D:7)
  5 scorpions
  A wight (D:7)
  13 killer bees
  Dowan (D:6)
  2 howler monkeys
  6 electric eels
  6 orc priests
  4 centaur zombies (Ossuary)
  A gnoll bouda (D:10)
  7 hounds
  A human zombie (Ossuary)
  2 jellies (D:7)
  3 sleepcaps
  Jessica (D:2)
  3 iguanas
  Terence (D:2)
  Ijyb (D:3)
  14 orc wizards
  2 mummies (Ossuary)
  19 gnolls
  11 adders
  2 shadow imps
  An ufetubus (D:4)
  4 worms
  A dart slug (D:7)
  49 orcs
  4 endoplasms
  2 giant cockroaches
  7 goblins
  15 hobgoblins
  6 jackals
  3 quokkas
  9 ball pythons
  4 bats
  3 frilled lizards
  A goblin zombie (Ossuary)
  8 hobgoblin zombies (Ossuary)
  A jackal zombie (Ossuary)
  15 kobolds
  9 kobold zombies (Ossuary)
  11 orc zombies (Ossuary)
  6 rats
  A rat zombie (Ossuary)
375 creatures vanquished.

Vanquished Creatures (collateral kills)
  Pikel (D:7)
  Maurice (D:9)
  A black mamba (Lair:2)
  A komodo dragon (Lair:1)
  3 cane toads
  2 trolls
  8 blink frogs (Lair:3)
  7 yaks
  A wraith (D:11)
  A wyvern (D:9)
  4 water moccasins
  An orc warrior (Orc:2)
  An ice beast (D:7)
  A centaur (D:10)
  7 wolves (Lair:2)
  2 lemures (D:7)
  A kobold brigand (D:9)
  3 bullfrogs
  2 howler monkeys (D:11)
  An orc wizard (Orc:2)
  A white imp (D:8)
  5 orcs
  2 kobolds (D:9)
57 creatures vanquished.

Grand Total: 432 creatures vanquished

Notes
Turn   | Place    | Note
-------+----------+-------------------------------------------
     0 | D:1      | monsoonserge the Djinni Venom Mage began the quest for the
                  | Orb.
     0 | D:1      | monsoonserge set off with the following spells memorised:
                  | Sting, Poisonous Vapours, Mephitic Cloud, Olgreb's Toxic
                  | Radiance.
     0 | D:1      | Reached XP level 1. HP: 15/15 MP: 0/0
    97 | D:1      | Found a faded altar of an unknown god.
   302 | D:1      | Reached XP level 2. HP: 21/22 MP: 0/0
   704 | D:2      | Noticed Jessica
   709 | D:2      | Killed Jessica
   710 | D:2      | Reached skill level 3 in Spellcasting
   710 | D:2      | Reached XP level 3. HP: 16/26 MP: 0/0
   710 | D:2      | Learned a level 1 spell: Kiss of Death
   891 | D:2      | Noticed Terence
   899 | D:2      | Killed Terence
   900 | D:2      | Reached XP level 4. HP: 22/31 MP: 0/0
  1446 | D:2      | Reached XP level 5. HP: 29/36 MP: 0/0
  1446 | D:2      | Learned a level 2 spell: Static Discharge
  1608 | D:2      | Reached skill level 4 in Spellcasting
  2380 | D:3      | Noticed Ijyb
  2388 | D:3      | Killed Ijyb
  3075 | D:4      | Reached skill level 1 in Armour
  3075 | D:4      | Reached XP level 6. HP: 35/41 MP: 0/0
  3303 | D:4      | Found Deypas's Magic Scroll Shop.
  3306 | D:4      | Bought a scroll of teleportation for 33 gold pieces
  3306 | D:4      | Bought a scroll of noise for 11 gold pieces
  3435 | D:4      | Found a sand-covered staircase.
  3444 | Ossuary  | Entered an ossuary
  3679 | Ossuary  | Reached skill level 1 in Short Blades
  3679 | Ossuary  | Reached skill level 5 in Spellcasting
  3679 | Ossuary  | Reached XP level 7. HP: 15/46 MP: 0/0
  3679 | Ossuary  | Learned a level 3 spell: Confusing Touch
  3982 | Ossuary  | Reached skill level 1 in Fighting
  4442 | D:4      | Found a burning altar of Makhleb.
  4783 | D:5      | Entered Level 5 of the Dungeon
  4804 | D:5      | Noticed a hornet
  4809 | D:5      | Killed a hornet
  4810 | D:5      | Reached XP level 8. HP: 31/52 MP: 0/0
  5064 | D:5      | Reached skill level 6 in Spellcasting
  5397 | D:5      | Found a shimmering altar of Xom.
  5397 | D:5      | Found a broken altar of Ashenzari.
  5410 | D:5      | Became a worshipper of Ashenzari the Shackled
  5797 | D:5      | Noticed a hornet
  5813 | D:5      | Killed a hornet
  5814 | D:5      | Reached skill level 7 in Spellcasting
  5814 | D:5      | Reached XP level 9. HP: 33/57 MP: 0/0
  5814 | D:5      | Learned a level 3 spell: Ozocubu's Armour
  6345 | D:6      | Noticed Duvessa
  6346 | D:6      | Noticed Dowan
  6353 | D:6      | Killed Duvessa
  6356 | D:6      | Killed Dowan
  6504 | D:6      | Found a staircase to the Ecumenical Temple.
  6513 | Temple   | Entered the Ecumenical Temple
  6685 | D:6      | Reached skill level 8 in Spellcasting
  7698 | D:7      | Found a flagged portal.
  7748 | Bailey   | Entered a bailey
  7996 | Bailey   | Reached XP level 10. HP: 55/64 MP: 0/0
  8025 | Bailey   | Reached skill level 9 in Spellcasting
  8084 | Bailey   | Noticed a kobold demonologist
  8091 | Bailey   | Killed a kobold demonologist
  8108 | Bailey   | Reached * piety under Ashenzari
  8461 | Bailey   | HP: 2/64 [orc warrior/+0 broad axe (16)]
  8828 | Bailey   | Reached skill level 1 in Maces & Flails
  8974 | Bailey   | Noticed a kobold demonologist
  8996 | Bailey   | Killed a kobold demonologist
  9116 | Bailey   | Identified a scroll of acquirement
  9123 | Bailey   | Acquired a manual of Armour
  9139 | Bailey   | Reached skill level 10 in Spellcasting
  9211 | Bailey   | Found an iron altar of Okawaru.
  9535 | D:7      | Found a snail-covered altar of Cheibriados.
 10201 | D:7      | Noticed a two-headed ogre
 10215 | D:7      | Killed a two-headed ogre
 10216 | D:7      | Reached XP level 11. HP: 65/71 MP: 0/0
 10216 | D:7      | Learned a level 5 spell: Summon Forest
 10278 | D:7      | Reached ** piety under Ashenzari
 10467 | D:7      | Noticed Pikel
 10491 | D:7      | Killed Pikel
 10498 | D:7      | Noticed Prince Ribbit
 10515 | D:7      | Killed Prince Ribbit
 10900 | D:7      | Reached skill level 11 in Spellcasting
 10953 | D:8      | Found a blossoming altar of Fedhas.
 11230 | D:8      | Found a sparkling altar of Nemelex Xobeh.
 11249 | D:8      | Found an opulent altar of Gozag.
 11517 | D:8      | Noticed Grum
 11530 | D:8      | Killed Grum
 11531 | D:8      | Reached *** piety under Ashenzari
 11863 | D:8      | Found Xadwahup's Antique Weapon Emporium.
 11972 | D:8      | Found a staircase to the Lair.
 12142 | D:8      | Reached skill level 1 in Evocations
 12431 | D:9      | Noticed Maurice
 12461 | D:9      | Killed Maurice
 12517 | D:9      | Noticed a two-headed ogre
 12531 | D:9      | Killed a two-headed ogre
 12532 | D:9      | Reached skill level 5 in Fighting
 12681 | D:9      | Found a shadowy altar of Dithmenos.
 12723 | D:9      | Found a bloodstained altar of Trog.
 12873 | D:9      | Found a staircase to the Orcish Mines.
 12895 | D:9      | Reached XP level 12. HP: 28/83 MP: 0/0
 12897 | D:9      | Reached skill level 5 in Dodging
 12899 | D:9      | Reached skill level 12 in Spellcasting
 13343 | D:9      | Found a white marble altar of Elyvilon.
 13489 | D:9      | Found a glowing silver altar of Zin.
 13750 | D:10     | Entered Level 10 of the Dungeon
 13781 | D:10     | Found a hide-covered altar of Uskayaw.
 13853 | D:10     | Found an iron altar of Okawaru.
 13968 | D:10     | Reached skill level 1 in Shields
 14993 | D:11     | Reached **** piety under Ashenzari
 15161 | D:11     | Noticed a boulder beetle
 15174 | D:11     | Killed a boulder beetle
 15559 | Lair:1   | Entered Level 1 of the Lair of Beasts
 15694 | Lair:1   | Reached ***** piety under Ashenzari
 16303 | Lair:2   | Noticed a skyshark
 16314 | Lair:2   | Killed a skyshark
 16315 | Lair:2   | Reached skill level 13 in Spellcasting
 16670 | Lair:1   | Reached XP level 13. HP: 78/92 MP: 0/0
 16670 | Lair:1   | Learned a level 5 spell: Alistair's Intoxication
 16844 | Lair:2   | Found a staircase to the Swamp.
 17163 | Lair:2   | Reached skill level 5 in Armour
 18273 | Lair:3   | Reached skill level 5 in Stealth
 18284 | Lair:3   | Noticed Fannar
 18548 | Orc:1    | Entered Level 1 of the Orcish Mines
 18548 | Orc:1    | Noticed Snorg
 18606 | D:9      | Killed Snorg
 19053 | Orc:1    | Noticed an ettin
 19064 | Orc:1    | Killed an ettin
 19167 | Orc:1    | Found Kuege's Antique Armour Emporium.
 19285 | Orc:2    | Entered Level 2 of the Orcish Mines
 19381 | Orc:1    | Noticed an ettin
 19453 | Orc:1    | Slain by an ettin

Illustrated notes

Levels and vault maps discovered:
D:1:      lightli_arrival_statue_moat, layout_basic,
          dreamdust_ecumenical_altar_grove
D:2:      layout_basic, minmay_octomino_j4, uniq_jessica, uniq_terence
D:3:      layout_basic, grunt_ministairs_4, uniq_ijyb
D:4:      layout_loops_corners, makhleb_heckhound_becter, serial_shops,
          kennysheep_mini, nicolae_ossuary_entry_monument
D:5:      minmay_chambers_of_fours, layout_cave_pools,
          mainiacjoe_overflow_divided_tiny, minmay_increasing_density
D:6:      layout_basic, minmay_temple_entry_butterflies, uniq_duvessa
D:7:      minmay_opposing_rooms, layout_layer_cave, kennysheep_orc_sif_temple,
          kennysheep_slug_shrine, serial_glass, glass_columns_c,
          glass_columns_a, enter_bailey_7, kennysheep_windowed_goal,
          uniq_prince_ribbit1, uniq_pikel
D:8:      layout_basic, fedhas_altar_3, nicolae_overflow_hidden_temple,
          mainiacjoe_overflow_brackets, minmay_lair_entry_grove, serial_shops,
          nicolae_shop_just_a_little_nook, st_stairs_12, uniq_grum
D:9:      layout_gridville, elyvilon_altar_1, amcnicky_altar_gilded,
          grunt_dithmenos_smoke_and_mirrors, nicolae_overflow_crystal_walls,
          orc_0_dummy, uniq_maurice
D:10:     layout_cave_pools, mainiacjoe_overflow_cross_hatched,
          mainiacjoe_overflow_alcove_4,
          mainiacjoe_overflow_concentric_impassable
D:11:     layout_cave_pods
Temple:   nicolae_temple_ecumenical_triangle
Lair:1:   statuecave_lemuel, layout_regular_city
Lair:2:   layout_loops_ring, swamp_mist, lemuel_fruit_tree, grunt_megastairs_1
Lair:3:   layout_gridlike, minmay_snake_entry_guardpost_medium,
          chequers_serial_rivers_small_3, minmay_holes, minivault_25,
          serial_bayou_shore_a, uniq_gastronok, uniq_fannar
Orc:1:    layout_caves, serial_shops, shop, uniq_snorg
Orc:2:    grunt_orc_cross, layout_diamond_mine

Skill      XL: |  1  2  3  4  5  6  7  8  9 10 11 12 13 |
---------------+----------------------------------------+-----
Spellcasting   | 3 4 5 7 8 10 11 13 | 13.6
Armour         | 1 2 3 4 5 |  5.7
Short Blades   | 1 2 3 4 |  4.5
Fighting       | 1 3 5 7 |  7.0
Dodging        | 3 4 5 6 |  6.0
Stealth        | 2 3 4 5 |  5.1
Maces & Flails | 2 |  2.1
Evocations     | 1 3 4 |  4.1
Shields        | 2 3 |  3.8
Throwing       | |  0.8

Action                     |  1- 3 |  4- 6 |  7- 9 | 10-12 | 13-15 || total
---------------------------+-------+-------+-------+-------+-------++-------
  Melee: Dagger            |    15 |     7 |       |   110 |       ||   132
         Club              |     3 |       |       |       |       ||     3
         Short sword       |       |    92 |   175 |   148 |   181 ||   596
         Mace              |       |       |    28 |    34 |       ||    62
         Rapier            |       |       |       |    60 |       ||    60
         Long sword        |       |       |       |     3 |     2 ||     5
  Throw: Boomerang         |       |       |     1 |    15 |     6 ||    22
   Cast: Sting             |    25 |    68 |    97 |   148 |    31 ||   369
         Poisonous Vapours |    10 |    24 |    20 |    79 |    17 ||   150
         Static Discharge  |       |    24 |    44 |    34 |     1 ||   103
         Confusing Touch   |       |       |    10 |    13 |     3 ||    26
         Ozocubu's Armour  |       |       |     2 |     8 |     3 ||    13
         Mephitic Cloud    |       |       |     1 |    25 |    17 ||    43
         Olgreb's Toxic Ra |       |       |       |    18 |     4 ||    22
         Summon Forest     |       |       |       |    14 |    13 ||    27
 Invoke: Curse Item        |       |       |     1 |     7 |     1 ||     9
         Shatter the Chain |       |       |       |     2 |     1 ||     3
  Evoke: Wand              |       |       |       |       |     2 ||     2
    Use: Scroll            |       |       |       |     1 |       ||     1
         Potion            |       |       |       |     1 |       ||     1
   Stab: Sleeping          |       |     3 |     1 |     2 |     2 ||     8
         Confused          |       |       |     9 |    26 |    23 ||    58
         Distracted        |       |       |       |     1 |     1 ||     2
 Armour: Robe              |     1 |       |       |       |       ||     1
         Leather armour    |     4 |    28 |    44 |    46 |    25 ||   147
         Chain mail        |       |       |       |       |    21 ||    21
  Dodge: Dodged            |    21 |   120 |   232 |   319 |   111 ||   803
  Block: Buckler           |       |       |       |    37 |    57 ||    94
